 Dungeon Crawl Stone Soup version 0.25-a0-719-gde951dce62 (webtiles) character file.

Game seed: 13032087066034866923, levelgen mode: deterministic

349 MisterFreud the Changer (level 6, -1/41 HPs)
             Began as an Octopode Transmuter on Apr 6, 2020.
             Slain by an ogre
             ... wielding a +0 giant club
              (18 damage)
             ... on level 4 of the Dungeon.
             The game lasted 00:06:32 (3774 turns).

MisterFreud the Changer (Octopode Transmuter)       Turns: 3774, Time: 00:06:32

Health: -1/41      AC:  2    Str:  9    XL:     6   Next: 60%
Magic:  7/10       EV: 23    Int: 18    God:
Gold:   187        SH:  0    Dex: 17    Spells: 5/11 levels left

rFire    + . .     SeeInvis .     - Unarmed
rCold    . . .     Gourm    .   (shield currently unavailable)
rNeg     . . .     Faith    .   (helmet currently unavailable)
rPois    x         Spirit   .   y - amulet of rage
rElec    .         Reflect  .   m - ring of attention (curse)
rCorr    .         Harm     .   e - ring of protection from fire
MR       .....                  v - +4 ring of evasion
Stlth    +.........             (no ring)
HPRegen  0.13/turn              (no ring)
MPRegen  0.12/turn              (no ring)
                                (no ring)
                                (no ring)

@: spider-form
A: tiny, almost no armour, stealthy swim, (amphibious), 8 rings, (constrict 8)
a: End Transformation, Evoke Berserk Rage


You were on level 4 of the Dungeon.
You were not hungry.
You were a venomous arachnid creature.
You visited 1 branch of the dungeon, and saw 5 of its levels.

You collected 187 gold pieces.

Inventory:

Missiles
 a - 38 arrows
 g - 46 bolts
 h - 168 stones (quivered)
 n - 46 sling bullets
 q - 31 poisoned darts
Armour
 x - a +0 buckler
Jewellery
 e - a ring of protection from fire (right front leg)
 m - a cursed ring of attention (left front leg)
 v - a +4 ring of evasion (on tentacle)
 y - an amulet of rage (around neck)
 A - a +4 ring of evasion
 B - a +4 ring of slaying
Scrolls
 b - 4 scrolls of remove curse {unknown}
 d - a scroll of fear {unknown}
 i - a scroll of enchant weapon {unknown}
 j - 3 scrolls of identify {unknown}
 k - 3 scrolls of amnesia {unknown}
 l - a scroll of random uselessness {unknown}
 p - 2 scrolls of teleportation {unknown}
 r - a scroll of fog {unknown}
 u - 2 scrolls of enchant armour {unknown}
Potions
 f - a potion of heal wounds {unknown}
 o - a potion of magic {unknown}
 s - a potion of ambrosia {unknown}
 w - 2 potions of brilliance {unknown}
 z - a potion of might {unknown}
Comestibles
 c - 9 rations
 t - 11 chunks of flesh


   Skills:
 + Level 2.6 Fighting
 - Level 2.0 Dodging
 + Level 2.2 Shields
 - Level 3.0 Unarmed Combat
 - Level 3.1 Spellcasting
 - Level 5.0 Transmutations


You had 5 spell levels left.
You knew the following spells:

 Your Spells              Type           Power        Failure   Level  Hunger
a - Beastly Appendage     Tmut           ###...       8%          1    None
b - Sticks to Snakes      Tmut           ###.....     11%         2    ##.....
c - Spider Form           Tmut/Pois      ##........   36%         3    ###....

Your spell library contained the following spells:

 Spells                   Type           Power        Failure   Level  Hunger
 Ice Form                 Ice/Tmut       ##......     71%         4    ####...
 Blade Hands              Tmut           ###.......   71%         5    ######.


Dungeon Overview and Level Annotations

Branches:
Dungeon (5/15)
 Temple: D:4-7

Altars:
Fedhas
Sif Muna

Annotations:
D:3 1 runed translucent door, Crazy Yiuf


Innate Abilities, Weirdness & Mutations

You cannot wear most types of armour.
You are very stealthy in the water. (Stealth+)
((You are amphibious.))
You can wear up to eight rings at the same time.
((You can use your tentacles to constrict eight enemies at once.))
((Your skin changes colour to match your surroundings (Stealth+).))
((Your rubbery body absorbs attacks. (AC +1, EV +1)))


Message History

a +0 flail; a +0 leather armour; an orc skeleton
Items here: )) [ รทรท a cursed -3 morningstar; a +0 hand axe; a +0 robe; an orc skeleton x2
h - 168 stones (gained 3)
g - 46 bolts (gained 16)
Found a dagger.
Found a dagger.
No target in view!
An ogre comes into view. It is wielding a +0 giant club.
The ogre shouts!
An ogre is nearby!
Casting: Spider Form (safe; 17% risk of failure)
Confirm with . or Enter, or press ? or * to list all spells.
You turn into a venomous arachnid creature.
The ogre hits you with a +0 giant club!!
Ouch! That really hurt!
You hit the ogre.
The ogre is poisoned.
The ogre is lightly wounded.
The ogre hits you with a +0 giant club!!
You die...

##############
##.............
###.............. #
#......#.########
#####.##.#.........#####
......Os........#.......
#####.##.#.######..#####
# #...# #..# # .....#
#..# # #####.# #..# ##
#.. ...# #. #..# ###.#
#. .)). #.# #. #.


You could see an ogre.

Vanquished Creatures
  A bullfrog skeleton (D:3)
  2 orc wizards
  An iguana (D:4)
  2 worker ants (D:4)
  Robin (D:2)
  5 adders
  A howler monkey skeleton (D:4)
  2 oozes
  An adder skeleton (D:4)
  3 worms
  2 dart slugs
  2 leopard geckos
  6 orcs
  4 ball pythons
  5 giant cockroaches
  20 goblins
  5 hobgoblins
  5 jackals
  7 kobolds
  A quokka (D:3)
  7 bats
  5 frilled lizards
  14 rats
  2 fungi (D:3)
104 creatures vanquished.

Notes
Turn   | Place    | Note
-------+----------+-------------------------------------------
     0 | D:1      | MisterFreud the Octopode Transmuter began the quest for the
                  | Orb.
     0 | D:1      | Reached XP level 1. HP: 13/13 MP: 3/3
    96 | D:1      | Reached XP level 2. HP: 16/18 MP: 3/5
   120 | D:1      | Learned a level 2 spell: Sticks to Snakes
   547 | D:1      | Reached skill level 3 in Transmutations
   587 | D:1      | Reached XP level 3. HP: 18/23 MP: 6/6
   592 | D:1      | Learned a level 3 spell: Spider Form
   865 | D:2      | Noticed Robin
   887 | D:2      | Killed Robin
   903 | D:1      | Reached XP level 4. HP: 13/28 MP: 5/8
  1635 | D:2      | Reached skill level 4 in Transmutations
  1896 | D:3      | Found a shimmering blue altar of Sif Muna.
  1935 | D:3      | Reached XP level 5. HP: 24/33 MP: 9/9
  2705 | D:3      | Found a runed translucent door.
  2706 | D:3      | Noticed Crazy Yiuf
  2786 | D:4      | Reached skill level 5 in Transmutations
  2831 | D:4      | Reached skill level 1 in Shields
  2831 | D:4      | Reached XP level 6. HP: 39/39 MP: 6/10
  2886 | D:4      | Noticed a phantom
  3026 | D:4      | Found a blossoming altar of Fedhas.
  3162 | D:5      | Entered Level 5 of the Dungeon
  3237 | D:5      | HP: 1/39 [poisoned by an adder]
  3774 | D:4      | Slain by an ogre

Levels and vault maps discovered:
D:1:      tarquinn_simple_flora_water_d, layout_loops_ring, st_stairs_10,
          minmay_liquid_box
D:2:      layout_rooms, first_ration, st_stairs_11, grunt_ministairs_6,
          uniq_robin
D:3:      layout_loops_ring, led_sif_pool, minmay_misc_feat_roman,
          uniq_crazy_yiuf_cottage
D:4:      layout_loops_ring, minmay_temple_entry_statues_pillars, serial_shops,
          shop, fedhas_ov_isle_minmay
D:5:      layout_loops_corners, lemuel_doored_altar, kennysheep_slug_shrine,
          okawaru_metal_pillars_3, nicolae_overflow_hidden_temple,
          lightli_sewer_entry_pipes

Skill      XL: |  1  2  3  4  5  6 |
---------------+-------------------+-----
Transmutations | 3 4 5 |  5.0
Spellcasting   | 3 |  3.1
Shields        | 1 2 |  2.2
Fighting       | 2 |  2.6
Dodging        | |  2.0
Unarmed Combat | |  3.0

Action                   |  1- 3 |  4- 6 || total
-------------------------+-------+-------++-------
Melee: Unarmed           |    78 |   199 ||   277
       Constrict         |    14 |    32 ||    46
       Tentacles         |    10 |    14 ||    24
       Kick              |     2 |       ||     2
       Punch             |       |     3 ||     3
 Cast: Beastly Appendage |     3 |       ||     3
       Spider Form       |     2 |    11 ||    13
 Abil: End Transformatio |       |     2 ||     2
 Stab: Sleeping          |       |     1 ||     1
  Eat: Chunk             |       |     8 ||     8
       Ration            |       |     1 ||     1
Armor: Skin              |     7 |    14 ||    21
Dodge: Dodged            |    62 |   125 ||   187

Table legend:
 A = Non-vault XP
 B = Vault XP
 C = Vault XP percentage of total XP
 D = Non-vault monster count
 E = Vault monster count
 F = Vault count percentage of total count
                 A         B        C        D         E       F
            +---------+---------+-------+---------+---------+-------
      Total |     442 |      57 |  11.4 |      83 |      19 |  18.6
            +---------+---------+-------+---------+---------+-------
        D:1 |      39 |       5 |  11.4 |      25 |       3 |  10.7
        D:2 |      35 |      52 |  59.8 |      14 |      16 |  53.3
        D:3 |     101 |       0 |   0.0 |      24 |       0 |   0.0
        D:4 |     192 |       0 |   0.0 |      14 |       0 |   0.0
        D:5 |      75 |       0 |   0.0 |       6 |       0 |   0.0
            +---------+---------+-------+---------+---------+-------
